 Dungeon Crawl Stone Soup version 0.14.0-17-gc0b17a5 (webtiles) character file.

2867 sprout the Hoplite (level 9, 0/75 HPs)
             Began as a Minotaur Fighter on Apr 18, 2014.
             Killed from afar by an electric eel (10 damage)
             ... with a bolt of electricity
             ... on Level 6 of the Dungeon.
             The game lasted 00:18:11 (6502 turns).

sprout the Hoplite (Minotaur Fighter)               Turns: 6502, Time: 00:18:12

HP   0/75        AC  7     Str 23      XL: 9   Next: 34%
MP   4/4         EV 12     Int  5      God:
Gold 258         SH 23     Dex 11      Spells:  0 memorised,  8 levels left

rFire  . . .     SeeInvis .     a - +1 long sword
rCold  . . .     Clarity  .     b - +0 scale mail
rNeg   . . .     Conserve .     c - +0 shield
rPois  .         rCorr    .     (helmet restricted)
rElec  .         rRot     .     (no cloak)
SustAb . .       Spirit   .     (no gloves)
rMut   .         Warding  .     (no boots)
Saprov . . .     Stasis   .     (no amulet)
MR     .....                    (no ring)
                                h - cursed +4 ring of evasion

@: not resistant to hostile enchantments, extremely unstealthy
A: retaliatory headbutt, horns 2
a: no special abilities


You were on level 6 of the Dungeon.
You were not hungry.

You visited 2 branches of the dungeon, and saw 7 of its levels.

You collected 258 gold pieces.

Inventory:

Hand weapons
 a - a +1,+1 long sword (weapon)
 e - a +0,+0 vampiric falchion
Armour
 b - a +0 scale mail (worn)
 c - a +0 shield (worn)
 E - a +0 leather armour of poison resistance
Magical devices
 u - a wand of slowing (0)
 w - a wand of digging (5) {unknown}
 C - a wand of fire (4) {unknown}
 D - a wand of enslavement (13) {unknown}
Comestibles
 l - 4 meat rations
Scrolls
 d - a scroll of enchant weapon II
 f - a scroll of fog
 m - a scroll of teleportation
 p - a scroll of immolation
 x - 2 scrolls of identify
 A - a scroll of magic mapping
Jewellery
 h - a cursed +4 ring of evasion (left hand)
 i - an uncursed ring of invisibility
 n - an uncursed ring of protection from magic
 o - a cursed -5 ring of intelligence
 r - an uncursed amulet of resist corrosion
 t - an uncursed amulet of stasis
Potions
 g - a potion of invisibility
 q - a potion of paralysis
 s - 2 potions of curing {unknown}
 v - a potion of flight {unknown}
 z - a potion of haste {unknown}
Books
 k - a book of Alchemy

   Spells                             Type                      Level
   Lethal Infusion                    Charms/Necromancy            2
   Sublimation of Blood               Necromancy                   2
   Condensation Shield                Ice                          4
   Petrify                            Transmutation/Earth          4
   Ignite Poison                      Fire/Transmutation           5
 y - a book of Transfigurations

   Spells                             Type                      Level
   Stoneskin                          Transmutation/Earth          2
   Ice Form                           Ice/Transmutation            4
   Statue Form                        Transmutation/Earth          6
   Dragon Form                        Transmutation                7
Rods
 B - a +0 rod of clouds (13/13)
   (You found it on level 6 of the Dungeon)


   Skills:
 + Level 6.1 Fighting
 + Level 6.6 Long Blades
 + Level 7.2 Armour
 + Level 6.9 Dodging
 + Level 1.4 Stealth
 + Level 9.0 Shields


You had 8 spell levels left.
You didn't know any spells.

Dungeon Overview and Level Annotations

Branches:
Dungeon (6/15)             Temple (1/1) D:6

Altars:
Ashenzari
Cheibriados
Dithmenos
Elyvilon
Fedhas
Kikubaaqudgha
Makhleb
Nemelex Xobeh
Sif Muna
Vehumet
Xom
Yredelemnul
Zin
The Shining One

Shops:
D:4 ?!?


Innate Abilities, Weirdness & Mutations

You reflexively headbutt those who attack you in melee.
You have a pair of horns on your head.


Message History

The bolt of electricity hits the electric eel.
You slash the electric eel! Your headbutt misses the electric eel.
The electric eel is severely wounded.
You barely miss the electric eel.
The electric eel is severely wounded.
You miss the electric eel. You headbutt the electric eel.
The electric eel is severely wounded.
You hit the electric eel. Your headbutt misses the electric eel.
The electric eel is almost dead.
The electric eel shoots out a bolt of electricity!
The bolt of electricity hits you!
* * * LOW HITPOINT WARNING * * *
The bolt of electricity hits you!
* * * LOW HITPOINT WARNING * * *
The bolt of electricity hits the electric eel.
You miss the electric eel. Your headbutt misses the electric eel.
The electric eel is almost dead.
The electric eel shoots out a bolt of electricity!
The bolt of electricity hits you!
You die...

#.# #.# #.........##...#
#.# #....##...##...#
#.###.# #.###...#####..)
#.....# #.# #...# #...
#.....# ##.###...# #...
#.....###...####.# ####
#........# #.# #.≈≈≈≈...#
#.######## #..≈;@..##
#.........
#.≈≈≈...#######...####
#.≈.≈≈.......%........
#..P≈..#.....#########
#...####.....# #...
#.(.### ##.#
############### # #.#
#..........
#.###.#########.####.....


You could see an electric eel.

Vanquished Creatures
  The ghost of sprout the Shield-Bearer, an experienced HOFi of Beogh (D:6)
  The ghost of sprout the Shield-Bearer, an experienced HOFi (D:4)
  Menkaure (D:4)
  A sky beast (D:5)
  A phantom (D:6)
  A centaur (D:6)
  3 ogres (D:5)
  2 scorpions (D:4)
  A vampire bat (D:5)
  A giant frog zombie (D:6)
  A crimson imp (D:4)
  A hound (D:5)
  A jelly (D:4)
  A black bear zombie (D:6)
  A two-headed ogre zombie (D:6)
  2 orc wizards (D:4)
  6 orc priests
  4 worker ants
  Jessica (D:2)
  An ogre zombie (D:6)
  2 sky beast zombies (D:6)
  2 hound zombies
  A worker ant zombie (D:5)
  9 adders
  2 orc zombies
  10 gnolls
  A gnoll zombie (D:6)
  An inept feature mimic (D:4)
  A shadow imp (D:6)
  A giant mite (D:4)
  3 worms
  2 orc skeletons
  3 fire bats (D:5)
  An ooze (D:3)
  19 orcs
  2 spectral bats (D:5)
  13 bats
  3 bat skeletons (D:5)
  A bat zombie (D:5)
  4 giant cockroaches
  A giant mite zombie (D:6)
  6 hobgoblins
  3 quokkas
  3 ball pythons
  A bat simulacrum (D:5)
  3 giant geckos
  A giant gecko zombie (D:6)
  5 giant newts
  12 goblins
  A goblin skeleton (D:4)
  2 hobgoblin skeletons
  2 hobgoblin zombies (D:6)
  20 jackals
  9 kobolds
  2 kobold zombies
  A quokka zombie (D:6)
  11 rats
  2 rat zombies (D:6)
198 creatures vanquished.

Vanquished Creatures (others)
  2 orcs (D:4)
  A giant cockroach (D:3)
3 creatures vanquished.

Grand Total: 201 creatures vanquished

Notes
Turn   | Place    | Note
--------------------------------------------------------------
     0 | D:1      | sprout, the Minotaur Fighter, began the quest for the Orb.
     0 | D:1      | Reached XP level 1. HP: 19/19 MP: 1/1
   395 | D:1      | Reached XP level 2. HP: 25/27 MP: 1/1
   887 | D:2      | Reached skill level 4 in Fighting
   924 | D:2      | Noticed Jessica
   947 | D:2      | Killed Jessica
   947 | D:2      | Reached XP level 3. HP: 25/33 MP: 2/2
  1302 | D:3      | Reached XP level 4. HP: 25/40 MP: 2/2
  1315 | D:3      | Reached skill level 1 in Dodging
  1514 | D:3      | Found a shattered altar of Ashenzari.
  1797 | D:3      | Reached XP level 5. HP: 42/46 MP: 2/2
  1817 | D:3      | Found a white marble altar of Elyvilon.
  2161 | D:3      | Reached skill level 5 in Shields
  2586 | D:4      | Reached XP level 6. HP: 45/53 MP: 3/3
  2638 | D:4      | Noticed sprout's ghost (experienced HOFi)
  2654 | D:4      | Killed sprout's ghost
  2654 | D:4      | Reached skill level 5 in Armour
  2654 | D:4      | Reached skill level 6 in Shields
  2654 | D:4      | Reached XP level 7. HP: 21/60 MP: 3/3
  2885 | D:4      | Reached skill level 5 in Long Blades
  3099 | D:4      | Found Qaqug's Distillery.
  3173 | D:4      | Noticed Menkaure
  3181 | D:4      | Killed Menkaure
  3183 | D:4      | Found Zigekom's Magic Scroll Shop.
  3605 | D:4      | Found Xooriw's Magic Scroll Emporium.
  3681 | D:4      | Reached skill level 1 in Stealth
  3681 | D:4      | Reached XP level 8. HP: 60/67 MP: 3/3
  3803 | D:4      | Reached skill level 5 in Fighting
  3803 | D:4      | Reached skill level 5 in Dodging
  3958 | D:5      | Entered Level 5 of the Dungeon
  3958 | D:5      | Found a radiant altar of Vehumet.
  3958 | D:5      | Found a glowing silver altar of Zin.
  3958 | D:5      | Noticed an angel
  4053 | D:5      | Reached skill level 7 in Shields
  4280 | D:5      | Found a shimmering altar of Xom.
  5259 | D:5      | Paralysed by a potion of paralysis for 6 turns
  5403 | D:6      | Reached skill level 8 in Shields
  5951 | D:6      | Noticed sprout's ghost (experienced HOFi)
  5951 | D:6      | Reached XP level 9. HP: 51/75 MP: 4/4
  5979 | D:6      | Killed sprout's ghost
  6172 | D:6      | Found a staircase to the Ecumenical Temple.
  6178 | Temple   | Entered the Ecumenical Temple
  6440 | D:6      | Reached skill level 9 in Shields
  6502 | D:6      | Killed from afar by an electric eel

Action                   |  1- 3 |  4- 6 |  7- 9 || total
-------------------------+-------+-------+-------++-------
Melee: Long sword        |    82 |   177 |   352 ||   611
  Use: Scroll            |     7 |     5 |     2 ||    14
       Potion            |       |     1 |    13 ||    14
 Stab: Invisible         |       |       |     3 ||     3
